 Dungeon Crawl Stone Soup version 0.26-a0-1222-g14533b3512 (webtiles) character file.

Game seed: 9169869547911850350

1067400 Essalna the Petrodigitator (level 27, -3/179 HPs)
             Began as a Gargoyle Ice Elementalist on Dec 31, 2020.
             Was the Champion of Vehumet.
             Killed by a royal mummy's death curse (23 damage)
             ... on level 3 of the Tomb of the Ancients.
             The game lasted 06:11:21 (110506 turns).

Essalna the Petrodigitator (GrIE)                 Turns: 110506, Time: 06:11:22

Health: -3/179     AC: 46    Str: 19      XL:     27
Magic:  10/63      EV: 21    Int: 40 (41) God:    Vehumet [******]
Gold:   12588      SH: 17    Dex: 19      Spells: 19/80 levels left

rFire    + + +     SeeInvis +   B - +3 Elemental Staff {rElec rF++ rC++ Will++ AC+5}
rCold    + + +     Faith    .   A - +2 shield of Resistance {rF++ rC++ Will++}
rNeg     + + .     Spirit   .   W - +0 scale mail of the Salmon {rPois rF- Int+8 SInv}
rPois    ∞         Reflect  .   L - +1 helmet {SInv}
rElec    +         Harm     .   x - scarf {shadows}
rCorr    +         Rampage  +   S - +2 pair of gloves of Distant Worlds {rN+ MP+9}
Will     +++++     Rnd*Tele +   f - +1 pair of boots {rampage}
Stlth    ..........             D - amulet of Xom's Sleight of Hands {Regen+ Str+4 Dex+4}
HPRegen  0.79/turn              t - ring of the Octopus King {Wiz AC+1 EV+1 Str+1 Int+1 Dex+1}
MPRegen  0.38/turn              j - ring "Budghoeq" {rC- rCorr Int+9 Dex+4 Stlth-}

@: flying, slowed, studying 3 skills, very slow
A: big wings, dopey 1, frail 1, negative energy resistance 1, electricity
resistance, teleportitis 1, weak 1, unbreathing, petrification resistance,
miasma immunity, AC +20
}: 6/15 runes: decaying, slimy, iron, obsidian, bone, gossamer
a: Stop Flying, Renounce Religion


You were on level 3 of the Tomb of the Ancients.
You worshipped Vehumet.
Vehumet was exalted by your worship.
You visited 16 branches of the dungeon, and saw 77 of its levels.
You visited 1 bazaar.
You also visited: Bailey and Gauntlet.

You collected 14950 gold pieces.
You spent 2362 gold pieces at shops.

Inventory:

Hand Weapons
 i - the +7 sceptre of Asmodeus
   (You took it off Asmodeus on level 7 of Gehenna)
 B - the +3 Elemental Staff (weapon) {rElec rF++ rC++ Will++ AC+5}
   (You took it off a boggart on level 1 of the Depths)

   It affects your AC (+5).
   It greatly protects you from fire.
   It greatly protects you from cold.
   It insulates you from electricity.
   It affects your willpower, your defense against some magical effects.
 T - the +4 staff of Dispater
   (You took it off Dispater on level 7 of the Iron City of Dis)
Armour
 e - the +10 scale mail of Edos {rPois rF+ rC+}
   (You bought it in a shop on level 2 of the Orcish Mines)

   It protects you from fire.
   It protects you from cold.
   It protects you from poison.
 f - a +1 pair of boots of rampaging (worn)
 s - the +2 robe of Latokk {-Tele rF+ MP+9}
   (You found it on level 1 of the Swamp)

   It protects you from fire.
   It affects your magic capacity (+9).
   It prevents most forms of teleportation.
 x - a scarf of shadows (worn)
 A - the +2 shield of Resistance (worn) {rF++ rC++ Will++}
   (You bought it in a shop on level 2 of the Orcish Mines)

   It greatly protects you from fire.
   It greatly protects you from cold.
   It affects your willpower, your defense against some magical effects.
 L - a +1 helmet of see invisible (worn)
 S - the +2 pair of gloves of Distant Worlds (worn) {rN+ MP+9}
   (You bought it in a shop in a bazaar)

   It protects you from negative energy.
   It affects your magic capacity (+9).
 W - the +0 scale mail of the Salmon (worn) {rPois rF- Int+8 SInv}
   (You found it on level 3 of the Swamp)

   It affects your intelligence (+8).
   It makes you vulnerable to fire.
   It protects you from poison.
   It lets you see invisible.
Magical Staves
 J - an uncursed staff of death
 N - an uncursed staff of cold
 Q - an uncursed staff of earth
Jewellery
 d - the amulet "Taonworch" {Acrobat +Blink rC+++ SInv}
   (You took it off a balrug on level 7 of Gehenna)

   [amulet of the acrobat]

   It helps you evade while moving and waiting.
   It renders you almost immune to cold.
   It lets you see invisible.
   It lets you blink.
 j - the ring "Budghoeq" (right hand) {rC- rCorr Int+9 Dex+4 Stlth-}
   (You found it on level 3 of the Swamp)

   [ring of resist corrosion]

   It affects your intelligence (+9).
   It affects your dexterity (+4).
   It makes you vulnerable to cold.
   It provides partial protection from all sources of acid and corrosion.
   It makes you less stealthy.
 p - the ring "Fushruakhi" {*Slow Will+++ Str+6 Dex+6}
   (You took it off a death knight on level 5 of the Vaults)

   [ring of strength]

   It affects your strength (+6).
   It affects your dexterity (+6).
   It affects your willpower, your defense against some magical effects.
   It may slow you when you take damage.
 t - a ring of the Octopus King (left hand) {Wiz AC+1 EV+1 Str+1 Int+1 Dex+1}
   (You found it on level 1 of the Depths)

   [ring of wizardry]

   It improves your spell success rate.
   It affects your AC (+1).
   It affects your evasion (+1).
   It affects your strength (+1).
   It affects your intelligence (+1).
   It affects your dexterity (+1).
 D - the amulet of Xom's Sleight of Hands (around neck) {Regen+ Str+4 Dex+4}
   (You found it on level 5 of the Dungeon)

   [amulet of regeneration]

   It affects your strength (+4).
   It affects your dexterity (+4).
   It increases your rate of regeneration.
 P - the ring "Koplaher" {rN+ Will+}
   (You found it on level 3 of the Crypt)

   [ring of positive energy]

   It protects you from negative energy.
   It affects your willpower, your defense against some magical effects.
 U - a cursed amulet of inaccuracy {unknown}
 Y - the ring "Effa" {rF+ Str+5 Int+5 Stlth-}
   (You found it on level 3 of the Depths)

   [ring of protection from fire]

   It affects your strength (+5).
   It affects your intelligence (+5).
   It protects you from fire.
   It makes you less stealthy.
Scrolls
 b - 8 scrolls of fear
 g - 33 scrolls of identify
 h - 28 scrolls of remove curse
 k - 3 scrolls of enchant armour
 l - 4 scrolls of summoning
 o - 8 scrolls of magic mapping
 r - 14 scrolls of enchant weapon
 u - 3 scrolls of fog
 v - 37 scrolls of teleportation
 z - a scroll of silence
 E - 5 scrolls of amnesia
 O - a scroll of holy word
 R - 3 scrolls of blinking
Potions
 a - 5 potions of brilliance
 c - 6 potions of ambrosia
 m - 35 potions of curing
 n - 7 potions of resistance
 F - 6 potions of haste
 H - 6 potions of might
 I - 3 potions of magic
 K - 3 potions of invisibility
 M - 6 potions of cancellation
Books
 y - a manual of Slings
 V - a manual of Summonings
 X - a manual of Throwing
Miscellaneous
 q - the horn of Geryon
 C - a figurine of a ziggurat


   Skills:
 O Level 27 Fighting
 - Level 10.5 Staves
 - Level 16.3 Armour
 - Level 14.0 Dodging
 - Level 2.1 Stealth
 - Level 16.3 Shields
 O Level 27 Spellcasting
 - Level 12.9 Conjurations
 - Level 17.1 Necromancy
 - Level 17.1 Transmutations
 + Level 13.2 Fire Magic
 - Level 26.0 Ice Magic
 O Level 27 Earth Magic
 - Level 8.0 Evocations


You had 19 spell levels left.
You knew the following spells:

 Your Spells              Type           Power        Failure   Level
a - Lehudib's Crystal Sp  Conj/Erth      60%          1%          8
b - Frozen Ramparts       Ice            100%         0%          3
c - Ozocubu's Armour      Ice            100%         0%          3
d - Shatter               Erth           66%          1%          9
e - Iron Shot             Conj/Erth      60%          1%          6
f - Necromutation         Tmut/Necr      38%          1%          8
g - Fire Storm            Conj/Fire      51%          28%         9
h - Ozocubu's Refrigerat  Ice            66%          0%          6
i - Absolute Zero         Ice            66%          1%          9

Your spell library contained the following spells:

 Spells                   Type           Power        Failure   Level
 Tornado                  Air            26%          100%        9
 Animate Skeleton         Necr           100%         0%          1
 Beastly Appendage        Tmut           100%         0%          1
 Foxfire                  Conj/Fire      100%         0%          1
 Freeze                   Ice            100%         0%          1
 Magic Dart               Conj           100%         0%          1
 Pain                     Necr           100%         0%          1
 Sandblast                Erth           100%         0%          1
 Sting                    Tmut/Pois      100%         0%          1
 Ensorcelled Hibernation  Hex/Ice        100%         0%          2
 Passwall                 Tmut/Erth      100%         0%          2
 Searing Ray              Conj           100%         0%          2
 Wereblood                Tmut           77%          0%          2
 Conjure Flame            Conj/Fire      100%         0%          3
 Stone Arrow              Conj/Erth      100%         0%          3
 Vampiric Draining        Necr           38%          0%          3
 Animate Dead             Necr           38%          0%          4
 Dispel Undead            Necr           77%          0%          4
 Hailstorm                Conj/Ice       100%         0%          4
 Ice Form                 Ice/Tmut       100%         0%          4
 Petrify                  Tmut/Erth      100%         0%          4
 Agony                    Necr           77%          0%          5
 Blade Hands              Tmut           38%          0%          5
 Bolt of Magma            Conj/Fire/Erth 69%          0%          5
 Borgnjor's Vile Clutch   Necr/Erth      62%          0%          5
 Excruciating Wounds      Necr           38%          0%          5
 Lee's Rapid Deconstruct  Erth           66%          0%          5
 Simulacrum               Ice/Necr       61%          0%          6
 Apportation              Tloc           54%          1%          1
 Corona                   Hex            30%          1%          1
 Summon Small Mammal      Summ           100%         1%          1
 Blink                    Tloc           N/A          1%          2
 Call Imp                 Summ           27%          1%          2
 Corpse Rot               Necr/Air       N/A          1%          2
 Poisonous Vapours        Pois/Air       100%         1%          2
 Slow                     Hex            27%          1%          2
 Swiftness                Air            52%          1%          2
 Call Canine Familiar     Summ           27%          1%          3
 Confusing Touch          Hex            27%          1%          3
 Dazzling Flash           Conj/Hex       100%         1%          3
 Gell's Gravitas          Tloc           13%          1%          3
 Ignite Poison            Fire/Tmut/Pois 94%          1%          3
 Inner Flame              Hex/Fire       82%          1%          3
 Mephitic Cloud           Conj/Pois/Air  73%          1%          3
 Portal Projectile        Hex/Tloc       54%          1%          3
 Spider Form              Tmut/Pois      28%          1%          3
 Static Discharge         Conj/Air       82%          1%          3
 Summon Guardian Golem    Hex/Summ       27%          1%          3
 Teleport Other           Tloc           27%          1%          3
 Tukima's Dance           Hex            27%          1%          3
 Airstrike                Air            26%          1%          4
 Fulminant Prism          Conj/Hex       26%          1%          4
 Iskenderun's Mystic Bla  Conj/Tloc      52%          1%          4
 Leda's Liquefaction      Hex/Erth       52%          1%          4
 Olgreb's Toxic Radiance  Pois           27%          1%          4
 Sticky Flame             Conj/Fire      100%         1%          4
 Summon Ice Beast         Ice/Summ       100%         1%          4
 Alistair's Intoxication  Tmut/Pois      38%          1%          5
 Fireball                 Conj/Fire      51%          1%          5
 Irradiate                Conj/Tmut      36%          1%          5
 Iskenderun's Battlesphe  Conj           68%          1%          5
 Lightning Bolt           Conj/Air       41%          1%          5
 Metabolic Englaciation   Hex/Ice        51%          1%          5
 Yara's Violent Unravell  Hex/Tmut       28%          1%          5
 Conjure Ball Lightning   Conj/Air       41%          1%          6
 Death Channel            Necr           38%          1%          6
 Eringya's Noxious Bog    Tmut/Pois      28%          1%          6
 Freezing Cloud           Conj/Ice/Air   63%          1%          6
 Hydra Form               Tmut           38%          1%          6
 Starburst                Conj/Fire      51%          1%          6
 Dragon Form              Tmut           38%          1%          7
 Orb of Destruction       Conj           34%          1%          7
 Borgnjor's Revivificati  Necr           38%          1%          8
 Infestation              Necr           38%          1%          8
 Cause Fear               Hex            13%          2%          4
 Summon Lightning Spire   Summ/Air       52%          2%          4
 Ignition                 Fire           51%          2%          8
 Spellforged Servitor     Conj/Summ      26%          4%          7
 Haunt                    Necr/Summ      28%          6%          7
 Silence                  Hex/Air        26%          7%          5
 Summon Demon             Summ           13%          7%          5
 Summon Forest            Summ/Tloc      13%          7%          5
 Summon Mana Viper        Hex/Summ       27%          7%          5
 Death's Door             Necr           38%          22%         9
 Chain Lightning          Conj/Air       41%          28%         8
 Dispersal                Tloc           13%          34%         6
 Shadow Creatures         Summ           N/A          34%         6
 Summon Hydra             Summ           13%          88%         7
 Discord                  Hex            13%          100%        8
 Disjunction              Tloc           13%          100%        8
 Dragon's Call            Summ           13%          100%        9
 Sublimation of Blood     Necr           Unusable     N/A         2
 Statue Form              Tmut/Erth      Unusable     N/A         6

Dungeon Overview and Level Annotations

Branches:
Dungeon (15/15)            Temple (1/1) D:7            Lair (6/6) D:10
  Swamp (4/4) Lair:4       Spider (4/4) Lair:4        Slime (5/5) Lair:5
    Orc (2/2) D:10            Elf (3/3) Orc:2        Vaults (5/5) D:13
  Crypt (3/3) Vaults:2       Tomb (3/3) Crypt:3      Depths (5/5) D:15
   Hell (visited)             Dis (7/7) Hell            Geh (7/7) Hell
    Coc (0/7) Hell            Tar (7/7) Hell            Zot (0/5) Depths:5
 Bailey (visited)         Gauntlet (visited)

Altars:
Ashenzari
Cheibriados
Dithmenos
Elyvilon
Fedhas
Gozag
Hepliaklqana
Kikubaaqudgha
Makhleb
Nemelex Xobeh
Okawaru
Qazlal
Ru
Sif Muna
Trog
Uskayaw
Vehumet
Wu Jian
Xom
Yredelemnul
Zin
The Shining One
Jiyva

Shops:
D:4 *   D:5 (   D:13 :   Orc:2 [[*(=   Elf:2 }=}   Elf:3 (

Portals:
Hell: Depths:1 Depths:2 Depths:3 Depths:4 Depths:5
Abyss: Depths:1 Depths:3 Depths:4
Pandemonium: Depths:2 Depths:3 Depths:5
Ziggurat: Depths:1

Annotations:
Lair:6 1 runed translucent door


Innate Abilities, Weirdness & Mutations

You are resistant to torment.
Your stone body is resilient. (AC +20)
You are immune to poison.
Your large and strong wings let you fly indefinitely.
You resist negative energy. (rN+)
You are resistant to electric shocks. (rElec)
You can survive without breathing.
You are immune to petrification.
You are immune to miasma.
You are dopey. (Int -2)
You are frail. (-10% HP)
You are occasionally teleported next to monsters.
You are weak. (Str -2)


Message History

The bennu barely misses you.
The royal mummy mumbles some strange words.
The bennu pecks you but does no damage. The bennu claws you but does no damage.
The bennu barely misses you.
The spectral stone giant fails to trigger a net trap.
The royal mummy gestures at you while chanting.
Something smites you!
* * * LOW HITPOINT WARNING * * *
Casting: Absolute Zero (mildly dangerous; 1% risk of failure)
Press: ? - help, Q - select action, (/) - cycle Dir - look around, f - activate Look: a bennu (severely wounded)
You chill the royal mummy to absolute zero!
The royal mummy is frozen into a solid block of ice!
You destroy the royal mummy!
Vehumet accepts your kill.
You feel your power returning.
The death scarab disappears in a puff of smoke!
You feel extremely nervous for a moment...
Pain shoots through your body!!
You die...

..................$$}|:[.#
.........))........$$=})=##
.!.......)..†...†..$$")[}:###
..MbM......^...$)$|)"|:.#
..Z.†).M........$$$$$)=##
...................$:?).#
#)§§§..$....†.......$$?## .
.§§..†...§........$.$# .M
#.<@8.......$##
.......bZ.......#
.....##.......### .....
#...§§.## ..^. #.#†##### ....
^......# ... ........#
........W....# .......M.^...#


You could see a royal mummy, a bennu and a spectral stone giant (summoned).

Vanquished Creatures
  Asmodeus (Geh:7)
  the Royal Jelly (Slime:5)
  Ereshkigal (Tar:7)
  the Serpent of Hell (Tar:7)
  Dispater (Dis:7)
  4 ancient liches
  4 juggernauts
  24 royal mummies
  the Lernaean hydra (Swamp:4)
  Boris (twice) (Crypt:1 Tomb:2)
  Bai Suzhen (Spider:4)
  A curse toe (Crypt:3)
  Geryon (Hell)
  6 caustic shrikes
  Nikola (Vaults:3)
  6 golden dragons
  25 doom hounds
  22 bone dragons
  47 Brimstone Fiends
  32 liches
  59 Tzitzimimeh
  12 iron giants
  4 hellephants (Geh:1)
  7 Ice Fiends
  7 tentacled monstrosities
  8 Hell Sentinels
  Asterion (Depths:3)
  4 titans
  Rupert (D:13)
  2 deep elf master archers (Elf:3)
  3 deep elf blademasters (Elf:3)
  3 quicksilver dragons
  26 acid blobs
  8 sphinxes
  27 ancient champions
  2 Executioners
  11 tengu reavers
  Agnes (D:15)
  23 shadow dragons
  Kirke (D:13)
  12 azure jellies
  7 revenants
  5 storm dragons
  15 fire giants
  The ghost of Etofoanue the Covert, an adept GnDe of Gozag (Swamp:3)
  2 fenstrider witches (Swamp:4)
  Aizul (Spider:4)
  4 emperor scorpions
  18 iron dragons
  10 deep elf sorcerers
  2 draconian knights (Depths:5)
  A caustic shrike zombie (Depths:4)
  13 frost giants
  3 ghost moths (Spider:4)
  16 vault wardens
  29 balrugs
  9 deep elf elementalists
  3 curse skulls
  An orc warlord (Orc:2)
  17 ironheart preservers
  13 ghouls
  11 very ugly things
  6 spriggan defenders
  25 stone giants
  3 green draconians (Depths:5)
  17 war gargoyles
  16 vampire knights
  105 reapers
  7 deep elf demonologists
  Azrael (D:13)
  13 bennus
  6 entropy weavers
  A dire elephant (shapeshifter) (Vaults:5)
  A white draconian (Depths:5)
  A yellow draconian (Depths:5)
  15 deep elf annihilators
  5 bunyips
  A lorocyproca (Dis:3)
  A minotaur (Gauntlet)
  5 spark wasps
  5 eidola
  8 eleionomae
  14 ettins
  A blizzard demon (Hell)
  10 deep elf death magi
  A death ooze (Slime:5)
  An ettin (shapeshifter) (Vaults:5)
  23 mummy priests
  11 fire dragons
  A kraken zombie (Hell)
  11 jiangshi
  18 yaktaur captains
  9 quicksilver dragon zombies
  8 quicksilver dragon skeletons
  Harold (D:8)
  15 great orbs of eyes
  The ghost of Adamkad1 the Cleaver, a journeyman FoFi of Gozag (D:10)
  23 hydras
  10 deep elf high priests
  14 ice dragons
  32 vault guards
  4 hell beasts
  5 death knights
  65 two-headed ogres
  3 rakshasas
  9 boulder beetles
  2 peacekeepers (Elf:2)
  11 spriggan air magi
  10 ghost crabs
  Erica (Lair:1)
  11 centaur warriors
  8 alligators
  37 dancing weapons
  10 tengu warriors
  A queen ant (shapeshifter) (Vaults:5)
  4 death yaks (Lair:6)
  22 ogre magi
  64 death scarabs
  7 deep troll shamans
  12 vampire magi
  6 deep troll earth magi
  19 titan zombies
  84 hell hogs
  81 hell knights
  11 spriggan berserkers
  6 orc high priests
  3 iron golems
  14 deep elf knights
  31 sun demons
  9 storm dragon zombies
  4 storm dragon skeletons
  An iron giant zombie (Crypt:2)
  5 fire crabs (Lair:4)
  The ghost of rdx the Skirmisher, a novice DsFi of Uskayaw (D:8)
  A wretched star (Gauntlet)
  27 soul eaters
  13 titan skeletons
  2 goliath frogs
  249 skeletal warriors
  2 death drakes
  6 iron trolls
  15 shadow wraiths
  3 spriggan druids
  11 golden dragon zombies
  14 anaconda zombies
  15 unseen horrors
  37 flayed ghosts
  16 deep elf archers
  A quicksilver dragon simulacrum (Tar:7)
  5 ghost moth zombies
  36 shadow demons
  23 ironbrand convokers
  2 orange crystal statues
  3 glowing orange brains
  4 tengu zombies
  16 bog bodies
  17 deep trolls
  28 phantasmal warriors
  10 swamp dragons
  9 wolf spider zombies
  3 wizards
  Pikel (D:8)
  8 anaconda skeletons
  32 necromancers
  A lindwurm (Lair:6)
  14 shadow dragon zombies
  A bunyip skeleton (Crypt:2)
  7 golden dragon skeletons
  A harpy (shapeshifter) (Vaults:4)
  A sphinx zombie (Crypt:3)
  12 stone giant zombies
  20 wolf spiders
  13 orc knights
  19 fire giant zombies
  7 orc sorcerers
  9 iron dragon zombies
  16 orb spiders
  5 harpies (Vaults:4)
  6 shadow dragon skeletons
  A will-o-the-wisp (Swamp:3)
  A manticore (D:15)
  3 human zombies
  44 ugly things
  6 cyclopes
  6 shining eyes
  55 deep elf magi
  19 frost giant zombies
  13 iron dragon skeletons
  3 moths of wrath (shapeshifter)
  A guardian serpent (Lair:6)
  5 moths of wrath
  10 dire elephant zombies
  3 elephants (Lair:6)
  3 guardian serpents (shapeshifter)
  60 rust devils
  2 salamanders (Depths:2)
  8 fire giant skeletons
  13 stone giant skeletons
  5 shock serpent zombies
  11 frost giant skeletons
  10 black mambas
  18 vault sentinels
  Joseph (D:8)
  7 shock serpent skeletons
  10 molten gargoyles
  3 eyes of devastation
  5 torpor snails (Lair:6)
  16 efreet
  14 cane toads
  4 gargoyles
  3 kobold demonologists
  65 hellions
  A purple draconian zombie (Geh:7)
  7 smoke demons
  Maggie (Lair:1)
  18 demonic crawlers
  6 dire elephant skeletons
  A rime drake (Lair:6)
  74 yaktaurs
  5 emperor scorpion zombies
  4 catoblepas zombies
  A redback zombie (Crypt:2)
  65 tormentors
  29 freezing wraiths
  47 guardian mummies
  12 komodo dragons
  2 catoblepas skeletons
  An anaconda simulacrum (Tar:4)
  21 ice devils
  2 minotaur skeletons
  5 tengu conjurers
  68 red devils
  2 polar bears (Lair:5)
  A merfolk (shapeshifter) (Depths:4)
  A jumping spider (shapeshifter) (Depths:3)
  7 harpy zombies
  30 jumping spiders
  33 hornets
  A wind drake (shapeshifter) (Gauntlet)
  3 trolls
  13 tyrant leeches
  10 hydra zombies
  2 hornets (shapeshifter)
  9 silent spectres
  16 ettin zombies
  9 ice dragon zombies
  103 slime creatures
  A blink frog (shapeshifter) (Depths:1)
  21 hydra skeletons
  24 blink frogs
  11 fire dragon zombies
  5 harpy skeletons
  A fire giant simulacrum (Crypt:1)
  A meliai zombie (D:12)
  3 black mamba zombies
  5 alligator zombies
  A frost giant simulacrum (Tomb:3)
  A stone giant simulacrum (Tomb:3)
  A snapping turtle (shapeshifter) (Depths:4)
  A guardian serpent skeleton (Crypt:3)
  178 flying skulls
  An air elemental (Elf:3)
  7 ettin skeletons
  11 fire dragon skeletons
  2 vampires
  66 wraiths
  73 redbacks
  A spriggan (shapeshifter) (Depths:4)
  2 alligator skeletons
  64 shadows
  57 yaks
  16 wyverns
  15 spriggans
  30 tarantellas
  4 black mamba skeletons
  9 ice dragon skeletons
  51 fire elementals
  8 water elementals
  2 hogs (D:13)
  A tyrant leech zombie (Crypt:2)
  2 fire bats (Geh:2)
  5 golden eyes (Slime:2)
  14 ushabtiu
  6 basilisks
  A hog (shapeshifter) (Vaults:3)
  A human (shapeshifter) (Vaults:5)
  A golden eye (shapeshifter) (Vaults:4)
  Menkaure (D:6)
  An infernal demonspawn zombie (Crypt:1)
  15 vampire mosquitoes
  16 swamp worms
  3 merfolk zombies
  2 wargs
  3 cane toad zombies
  21 water moccasins
  An acid dragon (D:10)
  8 hydra simulacra (Depths:2)
  2 soldier ants
  A faun zombie (Crypt:3)
  A floating eye (Depths:1)
  A monstrous demonspawn skeleton (Crypt:1)
  147 hell hounds
  12 swamp drakes
  3 ice beasts
  A merfolk skeleton (Geh:6)
  3 sky beasts
  7 cane toad skeletons
  50 orc warriors
  2 eyes of draining (shapeshifter)
  A hornet zombie (D:9)
  85 necrophages
  6 snapping turtle zombies
  8 black bears
  23 phantoms
  A blink frog zombie (Crypt:3)
  A black mamba simulacrum (Crypt:1)
  10 eyes of draining
  3 swamp dragon zombies
  62 ogres
  An ogre (shapeshifter) (Vaults:5)
  7 boggarts
  2 manticore zombies
  10 wolves
  20 centaurs
  3 elf skeletons
  4 lemures (D:8)
  A swamp dragon skeleton (Tar:7)
  9 snapping turtle skeletons
  An elf zombie (Tar:3)
  5 big kobolds
  2 palentonga zombies
  A salamander zombie (Crypt:2)
  15 bullfrogs
  An earth elemental (Elf:2)
  A water moccasin zombie (D:10)
  A wyvern skeleton (D:12)
  3 scorpions
  A cyclops skeleton (Crypt:1)
  2 spriggan zombies
  8 killer bees
  210 wights
  7 electric eels
  A spriggan skeleton (Geh:1)
  A polar bear skeleton (Crypt:1)
  A howler monkey (D:13)
  2 bullfrog zombies
  20 crimson imps
  3 small abominations
  A soldier ant zombie (Crypt:1)
  A jelly (D:7)
  22 orc priests
  A quasit (D:13)
  3 centaur zombies
  3 hounds
  25 orc wizards
  54 iron imps
  Jessica (D:2)
  3 bullfrog skeletons
  5 human skeletons
  An iguana (D:5)
  10 worker ants
  A killer bee zombie (D:10)
  3 naga zombies
  A deep dwarf zombie (Crypt:3)
  An ogre zombie (Geh:1)
  A centaur simulacrum (D:8)
  A naga skeleton (Crypt:3)
  An ogre skeleton (Geh:3)
  A tengu skeleton (Tomb:3)
  3 hound zombies
  52 mummies
  A worker ant zombie (D:8)
  A howler monkey skeleton (D:8)
  16 gnolls
  16 adders
  53 shadow imps
  4 white imps
  A worker ant simulacrum (D:8)
  4 ufetubi
  2 oozes
  An adder zombie (D:8)
  An adder skeleton (D:9)
  3 worms
  A dart slug (D:2)
  6 leopard geckos
  86 orcs
  2 ball pythons
  7 giant cockroaches
  13 goblins
  13 hobgoblins
  7 jackals
  17 kobolds
  7 quokkas
  2 ball python skeletons
  5 bats
  A frilled lizard (D:1)
  A jackal zombie (Crypt:3)
  2 kobold skeletons
  4 kobold zombies
  A leopard gecko skeleton (Crypt:1)
  A leopard gecko zombie (Crypt:1)
  3 orc skeletons
  3 orc zombies
  A quokka skeleton (D:5)
  10 rats
  140 blocks of ice
  8 crawling corpses (Vaults:5)
  5 tentacles (Hell)
5563 creatures vanquished.

Vanquished Creatures (others)
  A hell hog (Dis:7)
  A hellion (Geh:6)
  A silent spectre (Tar:3)
  A tengu conjurer (Depths:2)
  An ettin zombie (Geh:1)
  A shadow (Geh:1)
  A water elemental (Depths:2)
  An orc warrior (Orc:2)
  2 necrophages
  3 wights
  2 orc wizards
  An orc (Vaults:1)
  774 blocks of ice
  A bush (Swamp:4)
  A demonic plant (Gauntlet)
  5 fire vortices (Tomb:3)
  6 foxfires (Swamp:3)
  46 fungi
  104 plants
  A tentacle (Hell)
954 creatures vanquished.

Grand Total: 6517 creatures vanquished

Notes
Turn   | Place    | Note
-------+----------+-------------------------------------------
     0 | D:1      | Essalna the Gargoyle Ice Elementalist began the quest for
                  | the Orb.
     0 | D:1      | Reached XP level 1. HP: 10/10 MP: 3/3
   485 | D:1      | Reached XP level 2. HP: 15/15 MP: 5/5
   743 | D:2      | Noticed Jessica
   756 | D:2      | Killed Jessica
   757 | D:2      | Reached skill level 1 in Shields
   757 | D:2      | Reached XP level 3. HP: 19/19 MP: 3/6
  1406 | D:2      | Reached XP level 4. HP: 21/24 MP: 8/8
  1475 | D:2      | Learned a level 3 spell: Frozen Ramparts
  2358 | D:3      | Reached XP level 5. HP: 28/28 MP: 3/9
  2680 | D:3      | Found an iron altar of Okawaru.
  2903 | D:4      | Reached skill level 5 in Ice Magic
  2915 | D:4      | Found Tekh's Lightly-Used Armoury.
  2980 | D:4      | Found a hide-covered altar of Uskayaw.
  3479 | D:4      | Reached XP level 6. HP: 32/32 MP: 11/11
  3857 | D:5      | Entered Level 5 of the Dungeon
  3906 | D:5      | Found a sparkling altar of Nemelex Xobeh.
  4017 | D:5      | Found a stormy altar of Qazlal.
  4034 | D:5      | Got a translucent iron amulet
  4059 | D:5      | Reached skill level 1 in Fighting
  4059 | D:5      | Reached XP level 7. HP: 38/38 MP: 9/13
  4121 | D:5      | Reached skill level 1 in Armour
  4129 | D:5      | Found Enoduif's Weapon Emporium.
  4343 | D:5      | Found a stormy altar of Qazlal.
  4372 | D:5      | Found a blossoming altar of Fedhas.
  4615 | D:6      | Found a broken altar of Ashenzari.
  4865 | D:6      | Noticed Menkaure
  4878 | D:6      | Killed Menkaure
  4948 | D:6      | Reached XP level 8. HP: 45/45 MP: 14/14
  5481 | D:7      | Reached skill level 5 in Spellcasting
  5625 | D:7      | Identified the amulet of Xom's Sleight of Hands {Regen+
                  | Str+4 Dex+4} (You found it on level 5 of the Dungeon)
  5648 | D:7      | Found a burning altar of Makhleb.
  5648 | D:7      | Found a hazy altar of Hepliaklqana.
  5648 | D:7      | Found a snail-covered altar of Cheibriados.
  5666 | D:7      | Reached XP level 9. HP: 28/52 MP: 10/17
  5711 | D:7      | Found a staircase to the Ecumenical Temple.
  5723 | Temple   | Entered the Ecumenical Temple
  6253 | D:7      | Found a glowing golden altar of the Shining One.
  6304 | D:8      | Found a flagged portal.
  6305 | D:8      | Noticed Joseph
  6320 | D:8      | Killed Joseph
  6338 | Bailey   | Entered a bailey
  6396 | Bailey   | Learned a level 3 spell: Ozocubu's Armour
  6474 | Bailey   | Found an iron altar of Okawaru.
  6474 | Bailey   | Noticed a kobold demonologist
  6474 | Bailey   | Noticed a kobold demonologist
  6486 | Bailey   | Noticed a rust devil
  6486 | Bailey   | Killed a kobold demonologist
  6487 | Bailey   | Reached skill level 5 in Fighting
  6487 | Bailey   | Reached skill level 5 in Armour
  6491 | Bailey   | Killed a kobold demonologist
  6765 | Bailey   | Reached XP level 10. HP: 32/60 MP: 16/19
  6929 | Bailey   | Acquired the +9 staff of Wucad Mu {channel}
  6930 | Bailey   | Found the +9 staff of Wucad Mu {channel}
  7357 | D:8      | Reached skill level 5 in Dodging
  7457 | D:8      | You fall into a shaft and drop 2 floors!
  7457 | D:10     | Entered Level 10 of the Dungeon
  7457 | D:10     | Found a staircase to the Orcish Mines.
  7459 | D:10     | Noticed a deep elf mage
  7477 | D:10     | Killed a deep elf mage
  7478 | D:10     | Reached skill level 1 in Evocations
  7631 | D:9      | Found an ancient bone altar of Kikubaaqudgha.
  7985 | D:9      | Found a radiant altar of Vehumet.
  8006 | D:9      | Became a worshipper of Vehumet
  8245 | D:9      | Noticed a two-headed ogre
  8261 | D:9      | Killed a two-headed ogre
  8698 | D:8      | Noticed Pikel
  8704 | D:8      | Killed Pikel
  8892 | D:8      | Reached XP level 11. HP: 56/67 MP: 17/21
  9016 | D:8      | Found a runed translucent gate.
  9016 | D:8      | Found a runed translucent gate.
  9016 | D:8      | Found a runed translucent gate.
  9016 | D:8      | Noticed rdx's ghost (novice DsFi)
  9073 | D:8      | Killed rdx's ghost
  9083 | D:8      | Reached * piety under Vehumet
  9083 | D:8      | Offered knowledge of Foxfire by Vehumet.
  9225 | D:8      | Noticed Harold
  9238 | D:8      | Killed Harold
  9460 | D:10     | Noticed a moth of wrath
  9463 | D:10     | Noticed Adamkad1's ghost (journeyman FoFi)
  9465 | D:10     | Found a transporter.
  9472 | D:10     | Found a transporter.
  9525 | D:10     | Killed an unseen horror
  9716 | D:10     | Found a staircase to the Lair.
 10085 | Lair:1   | Entered Level 1 of the Lair of Beasts
 10237 | Lair:1   | Found a sparkling altar of Nemelex Xobeh.
 10325 | Lair:1   | Noticed Maggie
 10349 | Lair:1   | Killed Maggie
 10416 | Lair:1   | Reached XP level 12. HP: 75/75 MP: 22/24
 10439 | Lair:1   | Offered knowledge of Searing Ray by Vehumet.
 10648 | Lair:1   | Noticed Erica
 10663 | Lair:1   | Reached ** piety under Vehumet
 10668 | Lair:1   | Killed Erica
 10751 | Lair:1   | Noticed a four-headed hydra
 10760 | Lair:1   | Killed a four-headed hydra
 10761 | Lair:1   | Reached skill level 5 in Evocations
 11363 | Lair:2   | Noticed a six-headed hydra
 11404 | Lair:2   | Killed a six-headed hydra
 11405 | Lair:2   | Reached skill level 10 in Ice Magic
 11449 | Lair:2   | Found the +8 mithril axe "Arga" {speed, Will+}
 11725 | Lair:2   | Got a sheer robe
 11736 | Lair:2   | Identified the +1 robe "Ylevo" {rC+} (You found it on level
                  | 2 of the Lair of Beasts)
 12148 | Lair:3   | Noticed a five-headed hydra
 12161 | Lair:3   | Killed a five-headed hydra
 12161 | Lair:3   | Offered knowledge of Stone Arrow by Vehumet.
 12418 | Lair:3   | Learned a level 4 spell: Hailstorm
 12817 | Lair:3   | Acquired 988 gold pieces
 13250 | Lair:4   | Found a runed translucent door.
 13344 | Lair:4   | Reached XP level 13. HP: 78/80 MP: 26/26
 13373 | Lair:4   | Reached *** piety under Vehumet
 13720 | Lair:4   | Found a staircase to the Swamp.
 13774 | Lair:4   | Offered knowledge of Dazzling Flash by Vehumet.
 13814 | Lair:4   | Found a hole to the Spider Nest.
 14216 | Lair:4   | Noticed an entropy weaver
 14226 | Lair:4   | Reached skill level 10 in Fighting
 14231 | Lair:4   | Killed an entropy weaver
 14232 | Lair:4   | Reached skill level 10 in Armour
 14516 | Lair:4   | Noticed an entropy weaver
 14607 | Lair:4   | Killed an entropy weaver
 14740 | Lair:4   | Noticed an entropy weaver
 14746 | Lair:4   | Killed an entropy weaver
 14770 | Lair:4   | Paralysed by you for 7 turns
 15212 | Lair:5   | Reached **** piety under Vehumet
 15427 | Lair:5   | Found a viscous altar of Jiyva.
 15428 | Lair:5   | Found a staircase to the Slime Pits.
 15765 | Lair:6   | Entered Level 6 of the Lair of Beasts
 15820 | Lair:6   | Gained mutation: Your large and strong wings let you fly
                  | indefinitely. [Gargoyle growth]
 15820 | Lair:6   | Reached XP level 14. HP: 77/88 MP: 23/27
 15946 | Lair:6   | Offered knowledge of Bolt of Magma by Vehumet.
 16091 | Lair:6   | Reached skill level 10 in Spellcasting
 16729 | Lair:6   | Learned a level 6 spell: Iron Shot
 16808 | Lair:6   | Reached ***** piety under Vehumet
 16872 | Lair:6   | Reached skill level 1 in Earth Magic
 16878 | Lair:6   | Reached skill level 1 in Conjurations
 16900 | Lair:6   | Offered knowledge of Freezing Cloud by Vehumet.
 16908 | Lair:6   | Learned a level 6 spell: Freezing Cloud
 16929 | Lair:6   | Found a runed translucent door.
 17831 | D:10     | Killed Adamkad1's ghost
 17876 | D:10     | Acquired a +0 pair of boots of rampaging
 18153 | D:11     | Found a gate leading to a gauntlet.
 18159 | Gauntlet | Entered a Gauntlet
 18159 | Gauntlet | Found a transporter.
 18166 | Gauntlet | Found a transporter.
 18168 | Gauntlet | Found a transporter.
 18185 | Gauntlet | Found a transporter.
 18186 | Gauntlet | Found a transporter.
 18200 | Gauntlet | Found a transporter.
 18216 | Gauntlet | Found a transporter.
 18218 | Gauntlet | Noticed an entropy weaver
 18226 | Gauntlet | Found a transporter.
 18236 | Gauntlet | Found a transporter.
 18253 | Gauntlet | Found a transporter.
 18253 | Gauntlet | Found a transporter.
 18255 | Gauntlet | Found a transporter.
 18297 | Gauntlet | Found a transporter.
 18309 | Gauntlet | Found a runed translucent door.
 18488 | Gauntlet | Reached XP level 15. HP: 73/95 MP: 29/29
 18610 | Gauntlet | Identified the +1 hand crossbow "Hoitampa" {freeze, rPois
                  | Int+2}
 19444 | D:12     | Offered knowledge of Starburst by Vehumet.
 20010 | D:13     | Noticed Rupert
 20022 | D:13     | Killed Rupert
 20363 | D:13     | Reached skill level 5 in Earth Magic
 20572 | D:13     | Noticed Kirke
 20582 | D:13     | Killed Kirke
 20666 | D:13     | Found a gate to the Vaults.
 20675 | D:13     | Reached skill level 5 in Conjurations
 20817 | D:13     | Found Icisarr's Book Shoppe.
 20827 | D:13     | Noticed Azrael
 20835 | D:13     | Killed Azrael
 21050 | D:14     | Offered knowledge of Orb of Destruction by Vehumet.
 21059 | D:14     | Learned a level 7 spell: Orb of Destruction
 21727 | D:15     | Entered Level 15 of the Dungeon
 21790 | D:15     | Found a staircase to the Depths.
 21945 | D:15     | Reached XP level 16. HP: 101/103 MP: 23/31
 21946 | D:15     | Reached skill level 10 in Dodging
 22013 | D:15     | Found an ornate altar of the Wu Jian Council.
 22027 | D:15     | Noticed Agnes
 22061 | D:15     | Killed Agnes
 23010 | D:15     | Offered knowledge of Iskenderun's Battlesphere by Vehumet.
 23571 | Orc:1    | Entered Level 1 of the Orcish Mines
 24141 | Orc:2    | Entered Level 2 of the Orcish Mines
 24175 | Orc:2    | Found Roikhlau's Armour Boutique.
 24310 | Orc:2    | Bought the +10 scale mail of Edos {rPois rF+ rC+} for 1029
                  | gold pieces
 24310 | Orc:2    | Bought the +2 shield of Resistance {rF++ rC++ Will++} for
                  | 843 gold pieces
 24310 | Orc:2    | Found the +2 shield of Resistance {rF++ rC++ Will++}
 24852 | Orc:2    | Found a staircase to the Elven Halls.
 24935 | Orc:2    | Offered knowledge of Irradiate by Vehumet.
 24954 | Orc:2    | Reached skill level 5 in Shields
 25264 | Orc:2    | Found Moownism's General Store.
 25265 | Orc:2    | Found Koaqy's Jewellery Shoppe.
 25267 | Orc:2    | Found Jalesu Rufo's Antique Armour Emporium.
 25267 | Orc:2    | Found Wiovvoal's Antique Weapon Emporium.
 25546 | Elf:1    | Entered Level 1 of the Elven Halls
 25614 | Elf:1    | Reached XP level 17. HP: 105/109 MP: 24/33
 26820 | Elf:2    | Found Xyul's Jewellery Shop.
 26821 | Elf:2    | Found Pesugh's Gadget Shoppe.
 26821 | Elf:2    | Found Tuxkygg's Gadget Shoppe.
 26882 | Elf:2    | Found a runed translucent gate.
 26882 | Elf:2    | Found a runed translucent gate.
 26900 | Elf:2    | Found a runed translucent gate.
 27012 | Elf:2    | Found a ruined gateway.
 27991 | Swamp:1  | Entered Level 1 of the Swamp
 29045 | Swamp:1  | Got a ripped robe
 29056 | Swamp:1  | Identified the +2 robe of Latokk {-Tele rF+ MP+9} (You
                  | found it on level 1 of the Swamp)
 29495 | Swamp:2  | Identified Efubeoba's Tome of the Frostbite and Earth
 29662 | Swamp:2  | Identified the Incunabulum of the Blaze and Snow
 30299 | Swamp:2  | Offered knowledge of Ozocubu's Refrigeration by Vehumet.
 30312 | Swamp:2  | Learned a level 6 spell: Ozocubu's Refrigeration
 30798 | Swamp:3  | Found a runed translucent gate.
 30798 | Swamp:3  | Noticed Etofoanue's ghost (adept GnDe)
 30800 | Swamp:3  | Reached skill level 10 in Earth Magic
 30800 | Swamp:3  | Found a runed translucent gate.
 30801 | Swamp:3  | Found a runed translucent gate.
 31790 | Swamp:3  | Reached XP level 18. HP: 107/116 MP: 18/34
 32061 | Swamp:3  | Got a crude scale mail
 32193 | Swamp:3  | Killed Etofoanue's ghost
 32207 | Swamp:3  | Identified the cursed +0 scale mail of the Salmon {rPois
                  | rF- Int+8 SInv} (You found it on level 3 of the Swamp)
 32211 | Swamp:3  | Acquired 480 gold pieces
 32224 | Swamp:3  | Got a slimy bronze ring
 32226 | Swamp:3  | Identified the ring "Budghoeq" {rC- rCorr Int+9 Dex+4
                  | Stlth-} (You found it on level 3 of the Swamp)
 32290 | Swamp:4  | Entered Level 4 of the Swamp
 32957 | Swamp:4  | Reached skill level 10 in Conjurations
 33187 | Swamp:4  | Offered knowledge of Spellforged Servitor by Vehumet.
 33489 | Swamp:4  | Noticed the 27-headed Lernaean hydra
 33496 | Swamp:4  | Killed the 27-headed Lernaean hydra
 33690 | Swamp:4  | Got a decaying rune of Zot
 34259 | Vaults:1 | Entered Level 1 of the Vaults
 35020 | Vaults:1 | Got a steaming robe
 35087 | Vaults:1 | Reached ****** piety under Vehumet
 35094 | Vaults:1 | Reached XP level 19. HP: 82/123 MP: 36/36
 35727 | Vaults:2 | Offered knowledge of Fire Storm by Vehumet.
 35727 | Vaults:2 | Offered knowledge of Tornado by Vehumet.
 35727 | Vaults:2 | Offered knowledge of Absolute Zero by Vehumet.
 35894 | Vaults:2 | Found a staircase to the Crypt.
 35894 | Vaults:2 | Found an ancient bone altar of Kikubaaqudgha.
 35895 | Vaults:2 | Found a basalt altar of Yredelemnul.
 36119 | Vaults:2 | Reached skill level 15 in Fighting
 36751 | Vaults:2 | Reached skill level 10 in Shields
 36875 | Vaults:3 | Reached skill level 15 in Ice Magic
 37027 | Vaults:3 | Found a flickering gateway to a bazaar.
 37038 | Bazaar   | Entered a bazaar
 37038 | Bazaar   | Found Plog's Jewellery Shoppe.
 37065 | Bazaar   | Found Qioral's Assorted Antiques.
 37091 | Bazaar   | Found Ijauw's Armour Emporium.
 37099 | Bazaar   | Bought the +2 pair of gloves of Distant Worlds {rN+ MP+9}
                  | for 490 gold pieces
 37145 | Bazaar   | Found Tagol's Assorted Antiques.
 37805 | Vaults:3 | Reached XP level 20. HP: 130/130 MP: 29/37
 37946 | Vaults:3 | Noticed Nikola
 37953 | Vaults:3 | Killed Nikola
 38339 | Vaults:3 | Learned a level 9 spell: Absolute Zero
 38445 | Vaults:3 | Identified the cursed +1 robe of the Loofah {+Fly rC+} (You
                  | found it on level 1 of the Vaults)
 40506 | Vaults:5 | Entered Level 5 of the Vaults
 40510 | Vaults:5 | Reached XP level 21. HP: 131/137 MP: 39/39
 40534 | Vaults:5 | Identified the ring "Fushruakhi" {*Slow Will+++ Str+6
                  | Dex+6}
 40535 | Vaults:5 | Noticed a golden dragon
 40684 | Vaults:4 | Killed a golden dragon
 40685 | Vaults:4 | Reached skill level 15 in Spellcasting
 40941 | Vaults:5 | Reached skill level 15 in Earth Magic
 41451 | Vaults:5 | Reached XP level 22. HP: 107/144 MP: 35/41
 45213 | Elf:3    | Entered Level 3 of the Elven Halls
 45705 | Elf:3    | Reached XP level 23. HP: 145/152 MP: 32/42
 45981 | Elf:3    | Found the cursed +13 scythe of Curses {drain, *Curse}
 45983 | Elf:3    | Identified the Incunabulum of Toxins
 46468 | Elf:3    | Identified the Handbook of Shifting Snow
 46520 | Elf:3    | Identified the cursed ring of Yceskue {rC+ Int-4}
 46540 | Elf:3    | Identified the +8 rapier "Ewkug" {protect, Will- Dex+8}
 47118 | Elf:3    | Found Zepluvuwk's Weapon Emporium.
 47484 | Spider:1 | Entered Level 1 of the Spider Nest
 47978 | Spider:1 | Found a runed translucent door.
 48348 | Spider:1 | Acquired 993 gold pieces
 48548 | Spider:1 | Got a spiked ring mail
 48670 | Spider:1 | Got a heavily runed ring mail
 48784 | Spider:1 | Identified the +3 ring mail "Guos" {rCorr Str+5 Dex-2 SInv}
                  | (You found it on level 1 of the Spider Nest)
 48794 | Spider:1 | Identified the +1 ring mail of Submission {Harm *Drain rN+
                  | Str+2} (You found it on level 1 of the Spider Nest)
 49290 | Spider:2 | Reached skill level 15 in Shields
 50231 | Spider:3 | Acquired 329 gold pieces
 50486 | Spider:4 | Entered Level 4 of the Spider Nest
 50817 | Spider:4 | Noticed Aizul
 50828 | Spider:4 | Killed Aizul
 51229 | Spider:4 | Reached XP level 24. HP: 159/159 MP: 43/43
 52079 | Spider:4 | Noticed Bai Suzhen
 52093 | Spider:4 | Killed Bai Suzhen
 52863 | Spider:4 | Got a gossamer rune of Zot
 53291 | Depths:1 | Entered Level 1 of the Depths
 53602 | Depths:1 | Found a gateway to Hell.
 54476 | Depths:1 | Found a one-way gate to the infinite horrors of the Abyss.
 54530 | Depths:1 | Found a gateway to a ziggurat.
 54864 | Depths:1 | Found the ring of the Octopus King
 54987 | Depths:1 | Got a ring of the Octopus King
 54988 | Depths:1 | Identified a ring of the Octopus King {Wiz AC+1 EV+1 Str+1
                  | Int+1 Dex+1} (You found it on level 1 of the Depths)
 54994 | Depths:1 | Acquired a book of Power
 56404 | Depths:2 | Noticed a juggernaut
 56409 | Depths:2 | Killed a juggernaut
 56539 | Depths:2 | Found a one-way gate leading to the halls of Pandemonium.
 56605 | Depths:2 | Learned a level 8 spell: Lehudib's Crystal Spear
 56615 | Depths:2 | Learned a level 9 spell: Shatter
 56707 | Depths:2 | Reached XP level 25. HP: 167/167 MP: 44/44
 56902 | Depths:3 | Noticed Asterion
 56912 | Depths:3 | Killed Asterion
 56940 | Depths:3 | Got a vibrating turquoise ring
 56969 | Depths:3 | Noticed a juggernaut
 57085 | Depths:3 | Killed a juggernaut
 59040 | Depths:4 | Noticed a juggernaut
 59047 | Depths:4 | Killed a juggernaut
 59736 | Depths:4 | Reached XP level 26. HP: 139/174 MP: 18/44
 59787 | Depths:4 | Noticed a juggernaut
 59789 | Depths:4 | Killed a juggernaut
 59817 | Depths:4 | Identified the ring "Lutemu" {Str+2 Dex+6}
 61881 | Depths:5 | Entered Level 5 of the Depths
 62862 | Depths:5 | Reached XP level 27. HP: 170/182 MP: 45/45
 62896 | Depths:5 | Found a gate to the Realm of Zot.
 64321 | Crypt:1  | Entered Level 1 of the Crypt
 64889 | Crypt:1  | Noticed Boris
 64894 | Crypt:1  | Killed Boris
 66557 | Crypt:3  | Entered Level 3 of the Crypt
 66588 | Crypt:3  | Reached skill level 15 in Armour
 67823 | Crypt:3  | Acquired 795 gold pieces
 67889 | Crypt:3  | Noticed an ancient lich
 67891 | Crypt:3  | Killed an ancient lich
 67983 | Crypt:3  | Noticed an ancient lich
 67984 | Crypt:3  | Killed an ancient lich
 67987 | Crypt:3  | Got a bound brass ring
 67987 | Crypt:3  | Got a translucent wooden ring
 67987 | Crypt:3  | Got a crude marble ring
 67992 | Crypt:3  | Identified Medeixaz's Reference Book on Sinister Magic
 68002 | Crypt:3  | Got an agate-encrusted ring mail
 68009 | Crypt:3  | Identified the +1 ring mail "Kehuol" {Regen+ Int+3} (You
                  | found it on level 3 of the Crypt)
 68010 | Crypt:3  | Identified the ring of Nilac {*Drain rF+++ rN+ Int-4 Dex+4}
                  | (You found it on level 3 of the Crypt)
 68011 | Crypt:3  | Identified the ring "Nikasm" {rN+ Str+4 Int-5} (You found
                  | it on level 3 of the Crypt)
 68012 | Crypt:3  | Identified the ring "Koplaher" {rN+ Will+} (You found it on
                  | level 3 of the Crypt)
 68013 | Crypt:3  | Identified the ring "Effa" {rF+ Str+5 Int+5 Stlth-} (You
                  | found it on level 3 of the Depths)
 68033 | Crypt:3  | Learned a level 8 spell: Necromutation
 68138 | Crypt:3  | Found a staircase to the Tomb.
 68842 | Slime:1  | Entered Level 1 of the Pits of Slime
 68976 | Slime:1  | Reached skill level 1 in Necromancy
 68976 | Slime:1  | Reached skill level 1 in Transmutations
 70548 | Slime:1  | You are sucked into a shaft and drop 1 floor!
 70670 | Slime:3  | Gained mutation: You are occasionally teleported next to
                  | monsters. [a shining eye]
 70672 | Slime:3  | Gained mutation: You are frail. (-10% HP) [a shining eye]
 71088 | Slime:3  | Gained mutation: You are weak. (Str -2) [a shining eye]
 71554 | Slime:5  | Entered Level 5 of the Pits of Slime
 71600 | Slime:5  | Noticed the Royal Jelly
 71601 | Slime:5  | Killed the Royal Jelly
 71841 | Slime:5  | Found the +10 Black Knight's barding {ponderous, rPois rN+}
 71865 | Slime:5  | Got a slimy rune of Zot
 72452 | Slime:4  | Gained mutation: You are dopey. (Int -2) [a shining eye]
 73032 | Hell     | Entered the Vestibule of Hell
 73032 | Hell     | Noticed Geryon
 73033 | Hell     | Killed Geryon
 74022 | Hell     | Found a gateway to the decaying netherworld of Tartarus.
 74134 | Hell     | Found a gateway to the freezing wastes of Cocytus.
 74377 | Hell     | Found a gateway to the ashen valley of Gehenna.
 74460 | Hell     | Found a gateway to the Iron City of Dis.
 74549 | Tar:1    | Entered Level 1 of Tartarus
 74781 | Tar:1    | Reached skill level 5 in Necromancy
 74786 | Tar:1    | Reached skill level 5 in Transmutations
 77522 | Tar:3    | You are sucked into a shaft and drop 3 floors!
 78933 | Tar:7    | Entered Level 7 of Tartarus
 79779 | Tar:3    | HP: 8/166 [hellion/damnation[the effects of Hell] (22)]
 79794 | Tar:3    | HP: 8/166 [hellion/damnation[the effects of Hell] (32)]
 83519 | Tar:4    | Reached skill level 10 in Necromancy
 83633 | Tar:4    | Reached skill level 10 in Transmutations
 85894 | Tar:7    | Noticed the Serpent of Hell
 85899 | Tar:7    | Killed the Serpent of Hell
 85985 | Tar:7    | Noticed an ancient lich
 85988 | Tar:7    | Killed an ancient lich
 86080 | Tar:7    | Noticed an ancient lich
 86083 | Tar:7    | Killed an ancient lich
 86610 | Tar:7    | Identified the Disquisition on Orientation
 86905 | Tar:7    | Noticed Ereshkigal
 86906 | Tar:7    | Killed Ereshkigal
 87811 | Tar:7    | Got a bone rune of Zot
 88743 | Geh:1    | Entered Level 1 of Gehenna
 89270 | Geh:1    | Found a huge runed gate.
 89270 | Geh:1    | Found a huge runed gate.
 89270 | Geh:1    | Found a huge runed gate.
 89271 | Geh:1    | Found a huge runed gate.
 89271 | Geh:1    | Found a huge runed gate.
 89271 | Geh:1    | Found a huge runed gate.
 89271 | Geh:1    | Found a huge runed gate.
 89271 | Geh:1    | Found a huge runed gate.
 89272 | Geh:1    | Found a huge runed gate.
 89686 | Geh:1    | Found a huge runed gate.
 89687 | Geh:1    | Found a huge runed gate.
 89689 | Geh:1    | Found a huge runed gate.
 89691 | Geh:1    | Found a huge runed gate.
 89691 | Geh:1    | Found a huge runed gate.
 89751 | Geh:1    | Found a huge runed gate.
 89751 | Geh:1    | Found a huge runed gate.
 89751 | Geh:1    | Found a huge runed gate.
 89751 | Geh:1    | Found a huge runed gate.
 89757 | Geh:1    | Found a huge runed gate.
 89758 | Geh:1    | Found a huge runed gate.
 89759 | Geh:1    | Found a huge runed gate.
 89759 | Geh:1    | Found a huge runed gate.
 97676 | Geh:6    | Reached skill level 27 in Earth Magic
 98026 | Geh:7    | Entered Level 7 of Gehenna
 99429 | Geh:7    | Identified the amulet "Taonworch" {Acrobat +Blink rC+++
                  | SInv}
 99482 | Geh:7    | Reached skill level 15 in Necromancy
 99482 | Geh:7    | Reached skill level 15 in Transmutations
 99715 | Geh:7    | Identified the +7 sceptre of Asmodeus
 99715 | Geh:7    | Noticed Asmodeus
 99716 | Geh:7    | Killed Asmodeus
 99736 | Geh:7    | Got an obsidian rune of Zot
 99767 | Geh:7    | Got a heavily runed leather armour
 99821 | Geh:7    | Identified the Almanac of Gliding Poison
100196 | Geh:7    | Reached skill level 27 in Fighting
100405 | Dis:1    | Entered Level 1 of the Iron City of Dis
100622 | Dis:1    | Reached skill level 1 in Staves
100714 | Dis:1    | You are sucked into a shaft and drop 1 floor!
102103 | Dis:3    | Reached skill level 5 in Staves
102336 | Dis:3    | You are sucked into a shaft and drop 2 floors!
105163 | Dis:7    | Entered Level 7 of the Iron City of Dis
106333 | Dis:7    | Identified the +1 spear of the Fifty Places {distort,
                  | Stlth+}
106398 | Dis:7    | Identified the Catalogue of the Snowflakes and Dislocation
106961 | Dis:7    | Identified Qeitzymu's Disquisition on Dark Transformation
107350 | Dis:7    | Reached skill level 10 in Staves
107395 | Dis:7    | Identified the +4 staff of Dispater
107395 | Dis:7    | Noticed Dispater
107396 | Dis:7    | Killed Dispater
107626 | Dis:7    | Got an iron rune of Zot
107741 | Dis:7    | Identified the Compendium of Ashen Companions
107874 | Dis:7    | Got a coiled jade amulet
107875 | Dis:7    | Identified the +0 leather armour "Neazoid" {+Inv rPois rN+
                  | Dex-4} (You found it on level 7 of Gehenna)
107876 | Dis:7    | Identified the amulet "Humul" {RegenMP Int+2} (You found it
                  | on level 7 of the Iron City of Dis)
108441 | Tomb:1   | Entered Level 1 of the Tomb of the Ancients
108555 | Tomb:1   | Noticed a royal mummy
108555 | Tomb:1   | Noticed a royal mummy
108557 | Tomb:1   | Noticed a royal mummy
108560 | Tomb:1   | Noticed a royal mummy
108561 | Tomb:1   | Killed a royal mummy
108562 | Tomb:1   | Killed a royal mummy
108565 | Tomb:1   | Killed a royal mummy
108566 | Tomb:1   | Killed a royal mummy
108590 | Tomb:1   | Learned a level 9 spell: Fire Storm
108615 | Tomb:1   | Noticed a royal mummy
108616 | Tomb:1   | Killed a royal mummy
108617 | Tomb:1   | Reached skill level 1 in Fire Magic
108628 | Tomb:1   | Noticed a royal mummy
108629 | Tomb:1   | Killed a royal mummy
108638 | Tomb:1   | Noticed a royal mummy
108639 | Tomb:1   | Killed a royal mummy
108829 | Tomb:1   | Noticed a royal mummy
108831 | Tomb:1   | Killed a royal mummy
108920 | Tomb:1   | Noticed a royal mummy
108921 | Tomb:1   | Killed a royal mummy
108988 | Tomb:1   | Noticed a royal mummy
108994 | Tomb:1   | Killed a royal mummy
108995 | Tomb:1   | Reached skill level 5 in Fire Magic
109002 | Tomb:1   | Noticed a royal mummy
109004 | Tomb:1   | Killed a royal mummy
109168 | Tomb:1   | Identified the cursed +2 short sword of the Radish
                  | {antimagic, Str+5 Stlth+}
109169 | Tomb:1   | Noticed a royal mummy
109170 | Tomb:1   | Killed a royal mummy
109503 | Tomb:1   | Identified the +1 scale mail of Joedium {-Cast rPois Regen+
                  | rCorr}
109885 | Tomb:2   | Noticed a royal mummy
109888 | Tomb:2   | Killed a royal mummy
109890 | Tomb:2   | Noticed a royal mummy
109893 | Tomb:2   | Noticed a royal mummy
109894 | Tomb:2   | Noticed Boris
109895 | Tomb:2   | Killed a royal mummy
109896 | Tomb:2   | Noticed a royal mummy
109897 | Tomb:2   | Killed Boris
109898 | Tomb:2   | Killed a royal mummy
109900 | Tomb:2   | Killed a royal mummy
110248 | Tomb:3   | Entered Level 3 of the Tomb of the Ancients
110261 | Tomb:3   | Reached skill level 10 in Fire Magic
110262 | Tomb:3   | Noticed a royal mummy
110264 | Tomb:3   | Noticed a royal mummy
110264 | Tomb:3   | Noticed a royal mummy
110266 | Tomb:3   | Noticed a royal mummy
110268 | Tomb:3   | Killed a royal mummy
110268 | Tomb:3   | Killed a royal mummy
110273 | Tomb:3   | Killed a royal mummy
110277 | Tomb:3   | Killed a royal mummy
110323 | Tomb:3   | Paralysed by a Zot trap for 2 turns
110350 | Tomb:3   | Noticed a royal mummy
110351 | Tomb:3   | Noticed a royal mummy
110354 | Tomb:3   | Killed a royal mummy
110354 | Tomb:3   | Killed a royal mummy
110393 | Tomb:3   | Reached skill level 27 in Spellcasting
110395 | Tomb:3   | Noticed a royal mummy
110410 | Tomb:3   | Noticed a royal mummy
110415 | Tomb:3   | Noticed a royal mummy
110503 | Tomb:3   | Killed a royal mummy
110506 | Tomb:3   | Killed a royal mummy
110506 | Tomb:3   | Killed by a royal mummy's death curse

Illustrated notes

Levels and vault maps discovered:
D:1:      tarquinn_simple_flora_water_b, layout_basic
D:2:      layout_basic, st_stairs_9, uniq_jessica
D:3:      layout_rooms, okawaru_gym_becter
D:4:      layout_layer_cave, overflow_temple_1_default, minmay_shop_damaged
D:5:      layout_loops_ring, nicolae_overflow_crystal_walls,
          nemelex_xobeh_ov_fountains_minmay, fedhas_altar_1, serial_shops,
          kennysheep_mini_moat, minmay_tree_intersection, grunt_qazlal_sundering
D:6:      minmay_inner_zag, layout_basic, nicolae_ashenzari_panopticon,
          uniq_menkaure
D:7:      layout_gridville, tso_oasis_becter,
          gammafunk_temple_overflow_forgotten, temple_green
D:8:      layout_basic, enter_bailey_6, gammafunk_ghost_necromancy,
          roderic_three_in_a_row, uniq_pikel, uniq_joseph, uniq_harold
D:9:      layout_stronghold, vehumet_crystals, lemuel_crystal_altar,
          serial_rivers, chequers_serial_rivers_room_b,
          chequers_serial_rivers_micro_a, chequers_serial_rivers_micro_b,
          chequers_serial_rivers_large_b, chequers_serial_rivers_room_a
D:10:     layout_rooms, erik_lair_dragon, gammafunk_ghost_berserking_beasts,
          serial_bayou_pond_e
D:11:     layout_basic, gauntlet_entry_generic, dk_noncrumbling_4
D:12:     layout_cave_pools
D:13:     layout_loops_ring, david_vaults_1, serial_shops, shop, uniq_kirke,
          uniq_rupert, uniq_azrael
D:14:     layout_basic, abandoned_shop, minmay_between
D:15:     grunt_enter_depths_snipers, layout_cave_pods, serial_column_ruins,
          column_ruins_hut, column_ruins_circle_small,
          column_ruins_columns_corner, column_ruins_grid_1,
          column_ruins_columns_straight, column_ruins_grid_4,
          column_ruins_open_small, column_ruins_grid_3, column_ruins_grid_4,
          minmay_door_square, basic_altar, st_stairs_1, uniq_agnes
Temple:   jpeg_temple_alley_garden
Lair:1:   cheibrodos_lair_river_kwai, layout_regular_city, basic_altar,
          uniq_maggie, uniq_erica
Lair:2:   layout_hall_layers, chequers_serial_rivers_micro_e,
          beast_lair_carwin_6, infiniplex_staircase_pool_2
Lair:3:   layout_cave_pods, chequers_serial_rivers_micro_d
Lair:4:   gammafunk_mikee_crab_dinner, layout_regular_city, swamp_mist_pool,
          spider_nest_entry_rubble
Lair:5:   layout_regular_city, slime_altar_1
Lair:6:   hangedman_lair_tendril_chambers, layout_regular_city, wormcave
Swamp:1:  layout_falls_marsh, evilmike_swamp_ruin_house_6, swamp_pool5
Swamp:2:  layout_basic_swamp, nicolae_swamp_little_tower
Swamp:3:  layout_basic_swamp, ebering_ghost_rock_garden,
          infiniplex_staircase_pool
Swamp:4:  grunt_swamp_rune_castle, layout_basic_swamp
Spider:1: cheibrodos_spider_deadly_dance
Spider:2: layout_spider_delve, portal_ice_cave_entry_dragon
Spider:3: layout_spider_delve
Spider:4: spider_rune_water, guppyfry_spider_mini_3, uniq_aizul, uniq_bai_suzhen
Slime:1:  cheibrodos_slime_lost_civilization_3, layout_caves
Slime:2:  layout_caves
Slime:3:  layout_caves
Slime:4:  layout_caves
Slime:5
Orc:1:    layout_caves
Orc:2:    st_orc_congregation, layout_diamond_mine, serial_shops,
          nicolae_shop_statue_plus, guppyfry_library_mini
Elf:1:    layout_loops_ring, hangedman_elf_represent, st_stairs_9
Elf:2:    layout_loops_corners, portal_desolation_entry_twin_temple,
          minmay_misc_feat_five, minmay_shop_grove
Elf:3:    nooodl_elf_gasket, layout_loops_corners, serial_shops, shop_statue
Vaults:1: nicolae_vaults_little_squares_2,
          nicolae_vaults_good_morning_starshine,
          nicolae_vaults_stairing_the_circle, vaults_room_pool,
          nicolae_vaults_network_quincunx
          [nicolae_vaults_network_quincunx_subvault,
          nicolae_vaults_network_quincunx_subvault,
          nicolae_vaults_network_quincunx_subvault,
          nicolae_vaults_network_quincunx_subvault,
          nicolae_vaults_network_quincunx_subvault], grunt_vaults_hallway_short,
          vaults_room_grunt_arrival_ludios, vaults_room_stairs_pillars,
          nicolae_vaults_bisected_slash, ontoclasm_vaults_shuriken,
          nicolae_vaults_mini_display_case, nicolae_vaults_asterisk,
          nicolae_vaults_asterisk, nicolae_vaults_alarming, v_misc_13,
          layout_vaults_omnibox
Vaults:2: ontoclasm_vaults_loading_screen, minmay_crypt_entry_necro_gods,
          vaults_room_fours, vaults_room_door_hall, v_misc_17,
          ontoclasm_vaults_pinch, nicolae_vaults_theta, vaults_room_fours,
          layout_vaults_quadrants
Vaults:3: vaults_room_grunt_arrival_checkpoint, nicolae_vaults_an_arrangement,
          v_misc_29, ontoclasm_vaults_loading_screen, serial_ice_m,
          ontoclasm_vaults_hangar, nicolae_vaults_border_crossing,
          ontoclasm_vaults_chip, v_misc_9, vaults_standard_mumra_lines,
          layout_vaults_maze_bifur, serial_shops, bzr_entry_lakeside,
          uniq_margery, uniq_nikola
Vaults:4: v_misc_2, hangedman_vaults_stagger, v_misc_29,
          nicolae_vaults_network_star, dpeg_vaults_monster_box,
          vaults_mumra_bighexcomb, v_misc_30, ontoclasm_vaults_decontamination,
          v_misc_13, vaults_room_pools, layout_vaults_omnicross
Vaults:5: uniq_sojobo
Crypt:1:  layout_gridlike, uniq_boris
Crypt:2:  layout_chaotic_city
Crypt:3:  david_glass_crypt, layout_misc_corridors, tomb_entry_simple_bobbens,
          grunt_megastairs_4
Tomb:1
Tomb:2
Tomb:3
Depths:1: layout_roguey, enter_ziggurat_f, abyss_entry, hangedman_coc_ice_floe,
          serial_glass, glass_columns_b, glass_columns_a,
          chequers_serial_rivers_micro_e, horrible_house_mu
Depths:2: cheibrodos_hall_of_evolution, layout_cave_pools, nrook_pool_corridor,
          lightli_too_deep, pan_entry, infiniplex_staircase_9_rooms
Depths:3: minmay_strange_plus, layout_basic, pan_entry, serial_sigils,
          serial_sigils_hangedman_gnaw, serial_sigils_hangedman_confine,
          serial_sigils_hangedman_scratch, serial_sigils_hangedman_gut,
          serial_sigils_hangedman_quiver, serial_sigils_hangedman_quiver,
          abyss_entry_small_statue_room, hell_entry, minmay_protected_statue,
          uniq_asterion
Depths:4: minmay_octagon_city, layout_gridlike, hell_entry, minmay_misc_feat_x,
          abyss_entry, infiniplex_staircase_zigzag_5, grunt_megastairs_3
Depths:5: grunt_zot_entry_tricorne, layout_honeycomb, minivault_11,
          grunt_pan_entry_in_and_out, hell_entry, due_unseen_surprise
Hell
Dis:1:    layout_subdivisions
Dis:2:    layout_gridville
Dis:3:    layout_chaotic_city
Dis:5:    layout_regular_city, hangedman_dis_decor_blocks_mantle
Dis:6:    layout_gridville, lemuel_elevator
Dis:7:    iron_city_of_dis [dis_old, dis_wall_5], layout_chaotic_city
Geh:1:    layout_gehenna_lava_caves, not_door_vault_due
Geh:2:    grunt_deathspiral_small, layout_gehenna_pools_box,
          nicolae_geh_sunburst
Geh:3:    layout_gehenna_pools_triple
Geh:4:    layout_gehenna_pools_triple
Geh:5:    layout_gehenna_lava_caves
Geh:6:    layout_gehenna_pools_triple,
          hangedman_mysterious_dungeon_monster_house
Geh:7:    geh_grunt
Tar:1:    layout_cathedral_of_symmetry
Tar:2:    layout_grid_maze, grunt_megastairs_1
Tar:3:    layout_grid_maze, grunt_tartarus_stairs_gauntlet_trap
Tar:4:    layout_grid_maze
Tar:5:    layout_cathedral_of_symmetry
Tar:6:    layout_honeycomb, hangedman_restless_catacombs
Tar:7:    tar_grunt_cathedral

Skill      XL: |  1  2  3  4  5  6  7  8  9 10 11 12 13 14 15 16 17 18 19 20 21 22 23 24 25 26 27 |
---------------+----------------------------------------------------------------------------------+-----
Shields        | 1 2 3 4 5 7 9 10 12 13 14 15 16 | 16.3
Spellcasting   | 3 4 5 6 7 8 9 10 11 12 13 14 15 16 17 18 27 | 27.0
Ice Magic      | 5 6 7 8 9 10 11 12 13 14 15 16 17 18 19 26 | 26.0
Fighting       | 1 2 4 5 7 8 9 10 11 12 13 14 15 16 17 18 19 20 21 27 | 27.0
Armour         | 2 4 5 7 8 9 10 11 12 13 16 | 16.3
Dodging        | 2 3 4 5 6 7 8 9 10 11 12 14 | 14.0
Evocations     | 2 4 6 7 8 |  8.0
Earth Magic    | 3 6 8 10 11 12 14 15 16 17 18 19 20 27 | 27.0
Conjurations   | 2 5 7 9 10 11 12 | 12.9
Necromancy     | 17 | 17.1
Transmutations | 17 | 17.1
Staves         | 10 | 10.5
Fire Magic     | 13 | 13.2
Stealth        | |  2.1

Action                   |  1- 3 |  4- 6 |  7- 9 | 10-12 | 13-15 | 16-18 | 19-21 | 22-24 | 25-27 || total
-------------------------+-------+-------+-------+-------+-------+-------+-------+-------+-------++-------
Melee: Short sword       |    43 |    58 |       |       |       |       |       |       |       ||   101
       Unarmed           |     7 |       |       |       |       |       |       |       |       ||     7
       Flail             |       |    95 |   230 |     8 |       |       |       |       |       ||   333
       Staff             |       |       |       |   473 |   972 |  1258 |   332 |   188 |  2466 ||  5689
Throw: Dart              |       |       |     1 |       |       |       |       |       |       ||     1
 Cast: Freeze            |    23 |    43 |    14 |     6 |    14 |    12 |       |       |       ||   112
       Frozen Ramparts   |       |     1 |    23 |    66 |   121 |    73 |    25 |     3 |       ||   312
       Ozocubu's Armour  |       |       |       |     5 |    34 |    26 |     8 |     1 |       ||    74
       Hailstorm         |       |       |       |     8 |    38 |   234 |     7 |       |       ||   287
       Ozocubu's Refrige |       |       |       |       |       |   112 |   203 |   341 |   273 ||   929
       Iron Shot         |       |       |       |       |       |    25 |    40 |   340 |       ||   405
       Absolute Zero     |       |       |       |       |       |       |       |     4 |   938 ||   942
       Lehudib's Crystal |       |       |       |       |       |       |       |     2 |    59 ||    61
       Shatter           |       |       |       |       |       |       |       |       |  1022 ||  1022
       Necromutation     |       |       |       |       |       |       |       |       |    13 ||    13
       Fire Storm        |       |       |       |       |       |       |       |       |     1 ||     1
 Abil: Fly               |       |       |       |       |     1 |       |       |       |       ||     1
Evoke: Wand              |       |       |       |       |     3 |     9 |     2 |       |       ||    14
       Condenser vane    |       |       |       |       |       |       |     1 |       |       ||     1
  Use: Scroll            |       |     2 |     3 |    13 |    16 |    12 |     2 |    16 |    13 ||    77
       Potion            |       |       |       |       |     2 |     2 |     1 |     1 |    19 ||    25
 Stab: Sleeping          |     4 |     5 |     3 |     4 |       |     1 |       |       |       ||    17
       Distracted        |       |       |       |     1 |       |       |       |       |     2 ||     3
       Fleeing           |       |       |       |       |       |       |       |     1 |       ||     1
Armor: Robe              |    21 |    67 |    72 |       |       |    80 |       |    62 |   905 ||  1207
       Leather armour    |       |       |    22 |   273 |   208 |       |       |       |       ||   503
       Quicksilver drago |       |       |       |       |   564 |   177 |       |       |       ||   741
       Scale mail        |       |       |       |       |       |   774 |   245 |    26 |    83 ||  1128
       Skin              |       |       |       |       |       |       |       |    85 |       ||    85
Dodge: Dodged            |    37 |    97 |   149 |   424 |   893 |   950 |   292 |   310 |  1974 ||  5126
Block: Buckler           |    12 |    31 |    55 |   135 |   494 |   128 |       |       |       ||   855
       Kite shield       |       |       |       |       |       |   776 |   400 |   390 |  2446 ||  4012

Table legend: (Time is in decaauts)
 A = Elapsed time spent in this place.
 B = Non-inter-level travel time spent in this place.
 C = Inter-level travel time spent in this place.
 D = Time resting spent in this place.
 E = Time spent auto-exploring this place.
 F = Levels seen in this place.
 G = Mean time per level.
                   A        B        C        D        E       F      G
               +--------+--------+--------+--------+--------+-----+--------+
         Total | 112002 | 105901 |   6101 |   6016 |  77055 |  80 | 1400.0 |
       Dungeon |  16382 |  14263 |   2119 |    506 |  10156 |  15 | 1092.1 |
        Temple |    230 |    175 |     55 |      0 |    174 |   1 |  230.0 |
          Lair |   8322 |   7541 |    781 |    103 |   5475 |   6 | 1387.0 |
         Swamp |   6154 |   5995 |    159 |    314 |   4150 |   4 | 1538.5 |
   Spider Nest |   5563 |   5428 |    135 |    308 |   4414 |   4 | 1390.8 |
    Slime Pits |   3918 |   3586 |    332 |    553 |   2603 |   5 |  783.6 |
  Orcish Mines |   2144 |   1957 |    187 |      0 |   1251 |   2 | 1072.0 |
   Elven Halls |   5706 |   5379 |    327 |      0 |   4160 |   3 | 1902.0 |
        Vaults |  10055 |   9259 |    796 |   1392 |   6045 |   5 | 2011.0 |
         Crypt |   3833 |   3591 |    242 |    591 |   2268 |   3 | 1277.7 |
          Tomb |   2123 |   2104 |     19 |      0 |   1534 |   3 |  707.7 |
        Depths |  10933 |  10618 |    315 |   1518 |   7389 |   5 | 2186.6 |
          Hell |   1678 |   1607 |     71 |    541 |    827 |   1 | 1678.0 |
           Dis |   7681 |   7584 |     97 |      0 |   5806 |   6 | 1280.2 |
       Gehenna |  11800 |  11611 |    189 |      0 |   9063 |   7 | 1685.7 |
      Tartarus |  13790 |  13519 |    271 |     33 |  10946 |   7 | 1970.0 |
        Bazaar |    133 |    133 |      0 |      0 |    102 |   1 |  133.0 |
        Bailey |    964 |    964 |      0 |    157 |    514 |   1 |  964.0 |
      Gauntlet |    584 |    584 |      0 |      0 |    177 |   1 |  584.0 |
               +--------+--------+--------+--------+--------+-----+--------+

Top non-repeatable levels by time:
Depths:4: 3880 daAuts
Vaults:4: 3390 daAuts
   Tar:7: 3004 daAuts
   Dis:7: 2934 daAuts
Vaults:1: 2621 daAuts
   Geh:2: 2572 daAuts
    D:15: 2536 daAuts
   Tar:3: 2411 daAuts
Depths:1: 2368 daAuts
   Geh:7: 2340 daAuts
   Tar:1: 2283 daAuts
   Elf:2: 2244 daAuts
Spider:4: 2202 daAuts
Vaults:2: 2171 daAuts
   Tar:4: 2021 daAuts
